 Dungeon Crawl Stone Soup version 0.22-a0-271-gc000056 (webtiles) character file.

105 Monsterracer the Magician (level 4, 0/32 HPs)
             Began as a Gnoll Wizard on Mar 11, 2018.
             Slain by an orc wizard
             ... wielding a +0 dagger
              (2 damage)
             ... on level 3 of the Dungeon.
             The game lasted 00:02:41 (1759 turns).

Monsterracer the Magician (Gnoll Wizard)            Turns: 1759, Time: 00:02:42

Health: 0/32       AC:  2    Str:  9    XL:     4   Next: 83%
Magic:  0/13       EV: 14    Int: 22    God:
Gold:   101        SH:  0    Dex: 13    Spells: 8/17 levels left

rFire    . . .     SeeInvis .   a - +0 mace (protect)
rCold    . . .     Gourm    .   (no shield)
rNeg     . . .     Faith    .   l - +0 robe
rPois    .         Spirit   .   w - +0 hat
rElec    .         Reflect  .   (no cloak)
rCorr    .         Harm     .   (no gloves)
MR       .....     Rnd*Tele +   (no boots)
Stlth    +++.......             (no amulet)
HPRegen  0.10/turn              k - ring of teleportation (curse)
MPRegen  0.13/turn              (no ring)

@: no status effects
A: distributed training, fangs 1, strong nose
a: no special abilities


You were on level 3 of the Dungeon.
You were not hungry.

You visited 1 branch of the dungeon, and saw 3 of its levels.

You collected 101 gold pieces.

Inventory:

Hand Weapons
 a - a +0 mace of protection (weapon)
 b - a +0 blowgun
Missiles
 x - 9 poisoned needles
Armour
 l - a +0 robe (worn)
 w - a +0 hat (worn)
Jewellery
 k - a cursed ring of teleportation (left hand)
Scrolls
 f - 2 scrolls of teleportation {unknown}
 h - a scroll of blinking {unknown}
 i - a scroll of magic mapping {unknown}
 j - 2 scrolls of enchant weapon {unknown}
 n - 3 scrolls of identify {unknown}
 p - a scroll of remove curse {unknown}
 r - a scroll of enchant armour {unknown}
 t - a scroll of immolation {unknown}
Potions
 c - a potion of heal wounds {unknown}
 e - 3 potions of curing {unknown}
 g - 2 potions of haste {unknown}
 m - a potion of magic {unknown}
 o - a potion of brilliance {unknown}
 q - a potion of mutation {unknown}
 u - 2 potions of ambrosia {unknown}
 v - a potion of berserk rage {unknown}
Comestibles
 d - 4 rations
 s - a chunk of flesh


   Skills:
 + Level 1.2 Fighting
 + Level 1.2 Short Blades
 + Level 1.2 Long Blades
 + Level 1.2 Axes
 + Level 1.2 Maces & Flails
 + Level 1.2 Polearms
 + Level 1.2 Staves
 + Level 1.2 Slings
 + Level 1.2 Bows
 + Level 1.2 Crossbows
 + Level 1.2 Throwing
 + Level 1.2 Armour
 + Level 4.7 Dodging
 + Level 4.3 Stealth
 + Level 1.2 Shields
 + Level 1.2 Unarmed Combat
 + Level 7.2 Spellcasting
 + Level 2.3 Conjurations
 + Level 1.0 Hexes
 + Level 1.0 Charms
 + Level 2.3 Summonings
 + Level 1.0 Necromancy
 + Level 2.3 Translocations
 + Level 1.0 Transmutations
 + Level 1.0 Fire Magic
 + Level 1.0 Ice Magic
 + Level 1.0 Air Magic
 + Level 1.0 Earth Magic
 + Level 1.0 Poison Magic
 + Level 1.3 Invocations
 + Level 1.2 Evocations


You had 8 spell levels left.
You knew the following spells:

 Your Spells              Type           Power        Failure   Level  Hunger
a - Magic Dart            Conj           ###.         3%          1    None
b - Conjure Flame         Conj/Fire      ###.....     12%         3    None
c - Mephitic Cloud        Conj/Pois/Air  ##......     13%         3    None
e - Blink                 Tloc           N/A          4%          2    None


Dungeon Overview and Level Annotations

Branches:
Dungeon (3/15)

Altars:


Innate Abilities, Weirdness & Mutations

Your experience applies equally to all skills.
You have very sharp teeth.
Your uncanny sense of smell can sniff out nearby items.


Message History

Confirm with . or Enter, or press ? or * to list all spells.
Aiming: Magic Dart (safe; 3% risk of failure)
Press: ? - help, Shift-Dir - straight line, f/p - hound
Aim: a hound (almost dead)
The magic dart hits the hound.
You kill the hound!
Your Hexes skill increases to level 1!
Your Charms skill increases to level 1!
Your Necromancy skill increases to level 1!
Your Transmutations skill increases to level 1!
Your Fire Magic skill increases to level 1!
Your Ice Magic skill increases to level 1!
Your Air Magic skill increases to level 1!
Your Earth Magic skill increases to level 1!
Your Poison Magic skill increases to level 1!
You now have 6/13 mp.
Unknown command.
Unknown command.
Unknown command.
Unknown command.
Unknown command.
Unknown command.
Unknown command.
Unknown command.
Unknown command.
Unknown command.
Casting: Magic Dart (safe; 3% risk of failure)
Confirm with . or Enter, or press ? or * to list all spells.
Aiming: Magic Dart (safe; 3% risk of failure)
Press: ? - help, Shift-Dir - straight line, f - orc
Aim: an orc, wielding a flail
Okay, then.
You hit the orc.
Your weapon exudes an aura of protection.
The orc is moderately wounded.
You closely miss something. Something hits you but does no damage.
You hear some strange, mumbled words.
A puff of flame appears from out of thin air!
The puff of flame misses you.
Casting: Magic Dart (safe; 3% risk of failure)
Confirm with . or Enter, or press ? or * to list all spells.
Aiming: Magic Dart (safe; 3% risk of failure)
Press: ? - help, Shift-Dir - straight line, f - orc
Aim: an orc, wielding a flail (lightly wounded)
The magic dart hits something.
Something completely misses you. Something hits you.
* * * LOW HITPOINT WARNING * * *
You take 4 damage, and have 13/32 hp.
You now have 6/13 mp.
Casting: Magic Dart (safe; 3% risk of failure)
Confirm with . or Enter, or press ? or * to list all spells.
Aiming: Magic Dart (safe; 3% risk of failure)
Press: ? - help, Shift-Dir - straight line, f/p - orc
Aim: an orc, wielding a flail (lightly wounded)
The magic dart hits something.
Something hits you.
* * * LOW HITPOINT WARNING * * *
You take 4 damage, and have 9/32 hp.
You now have 5/13 mp.
Casting: Magic Dart (safe; 3% risk of failure)
Confirm with . or Enter, or press ? or * to list all spells.
Aiming: Magic Dart (safe; 3% risk of failure)
Press: ? - help, Shift-Dir - straight line, f/p - orc
Aim: an orc, wielding a flail (lightly wounded)
The magic dart hits something.
Something barely misses you. Something hits you.
* * * LOW HITPOINT WARNING * * *
You take 5 damage, and have 4/32 hp.
You now have 4/13 mp.
Casting: Magic Dart (safe; 3% risk of failure)
Confirm with . or Enter, or press ? or * to list all spells.
Aiming: Magic Dart (safe; 3% risk of failure)
Press: ? - help, Shift-Dir - straight line, f/p - orc
Aim: an orc, wielding a flail (lightly wounded)
The magic dart hits something.
You hear some strange, mumbled words.
A puff of flame appears from out of thin air!
The puff of flame misses you.
You now have 3/13 mp.
Casting: Magic Dart (safe; 3% risk of failure)
Confirm with . or Enter, or press ? or * to list all spells.
Aiming: Magic Dart (safe; 3% risk of failure)
Press: ? - help, Shift-Dir - straight line, f/p - orc
Aim: an orc, wielding a flail (lightly wounded)
The magic dart hits something.
Something barely misses you.
You hear some strange, mumbled words.
A puff of frost appears from out of thin air!
The puff of frost hits you!
* * * LOW HITPOINT WARNING * * *
You take 1 damage, and have 3/32 hp.
You now have 2/13 mp.
Casting: Magic Dart (safe; 3% risk of failure)
Confirm with . or Enter, or press ? or * to list all spells.
Aiming: Magic Dart (safe; 3% risk of failure)
Press: ? - help, Shift-Dir - straight line, f/p - orc
Aim: an orc, wielding a flail (lightly wounded)
The magic dart hits something.
Something hits you.
* * * LOW HITPOINT WARNING * * *
You take 1 damage, and have 2/32 hp.
You now have 1/13 mp.
Casting: Magic Dart (safe; 3% risk of failure)
Confirm with . or Enter, or press ? or * to list all spells.
Aiming: Magic Dart (safe; 3% risk of failure)
Press: ? - help, Shift-Dir - straight line, f/p - orc
Aim: an orc, wielding a flail (lightly wounded)
The magic dart hits something.
Something hits you.
You die...

## .# #.# .# #.#
####.##.# #.#. #.......#
#.#.
#.......##########.#.
#.......##.......#.#.
.###.......##.......#.#.
........................
...###@##.#............
#)# #...†.###....
oo.........# #..#.
##..........# #..#.
#..........# #..#.
#.................
..................
.....#.#######..#. ..#.
##..#.


You could see 2 orcs.

Vanquished Creatures
  A hound (D:3)
  2 adders
  2 worms
  A dart slug (D:1)
  4 leopard geckos
  2 orcs (D:3)
  A giant cockroach (D:2)
  10 goblins
  2 hobgoblins
  6 bats
  2 frilled lizards
  8 kobolds
  2 rats
43 creatures vanquished.

Notes
Turn   | Place    | Note
-------+----------+-------------------------------------------
     0 | D:1      | Monsterracer the Gnoll Wizard began the quest for the Orb.
     0 | D:1      | Reached XP level 1. HP: 13/13 MP: 8/8
   116 | D:1      | Reached XP level 2. HP: 19/19 MP: 8/10
   683 | D:1      | Reached XP level 3. HP: 25/25 MP: 9/11
   687 | D:1      | Learned a level 2 spell: Blink
   691 | D:1      | Learned a level 3 spell: Conjure Flame
   695 | D:1      | Learned a level 3 spell: Mephitic Cloud
   905 | D:2      | Reached skill level 1 in Invocations
  1530 | D:3      | Reached skill level 1 in Fighting
  1530 | D:3      | Reached skill level 1 in Short Blades
  1530 | D:3      | Reached skill level 1 in Long Blades
  1530 | D:3      | Reached skill level 1 in Axes
  1530 | D:3      | Reached skill level 1 in Maces & Flails
  1530 | D:3      | Reached skill level 1 in Polearms
  1530 | D:3      | Reached skill level 1 in Staves
  1530 | D:3      | Reached skill level 1 in Slings
  1530 | D:3      | Reached skill level 1 in Bows
  1530 | D:3      | Reached skill level 1 in Crossbows
  1530 | D:3      | Reached skill level 1 in Throwing
  1530 | D:3      | Reached skill level 1 in Armour
  1530 | D:3      | Reached skill level 1 in Shields
  1530 | D:3      | Reached skill level 1 in Unarmed Combat
  1530 | D:3      | Reached skill level 1 in Evocations
  1534 | D:3      | Reached XP level 4. HP: 32/32 MP: 5/13
  1750 | D:3      | Reached skill level 1 in Hexes
  1750 | D:3      | Reached skill level 1 in Charms
  1750 | D:3      | Reached skill level 1 in Necromancy
  1750 | D:3      | Reached skill level 1 in Transmutations
  1750 | D:3      | Reached skill level 1 in Fire Magic
  1750 | D:3      | Reached skill level 1 in Ice Magic
  1750 | D:3      | Reached skill level 1 in Air Magic
  1750 | D:3      | Reached skill level 1 in Earth Magic
  1750 | D:3      | Reached skill level 1 in Poison Magic
  1753 | D:3      | HP: 13/32 [something (4)]
  1755 | D:3      | HP: 4/32 [something (5)]
  1759 | D:3      | Slain by an orc wizard

Vault maps used:
D:1:      minmay_arrival_checkered_box
D:2:      minmay_stone_trees_medium

Skill      XL: |  1  2  3  4 |
---------------+-------------+-----
Conjurations   | 2 |  2.3
Summonings     | 2 |  2.3
Translocations | 2 |  2.3
Invocations    | 1 |  1.3
Fighting       | 1 |  1.2
Short Blades   | 1 |  1.2
Long Blades    | 1 |  1.2
Axes           | 1 |  1.2
Maces & Flails | 1 |  1.2
Polearms       | 1 |  1.2
Staves         | 1 |  1.2
Slings         | 1 |  1.2
Bows           | 1 |  1.2
Crossbows      | 1 |  1.2
Throwing       | 1 |  1.2
Armour         | 1 |  1.2
Shields        | 1 |  1.2
Unarmed Combat | 1 |  1.2
Evocations     | 1 |  1.2
Hexes          | 1 |  1.0
Charms         | 1 |  1.0
Necromancy     | 1 |  1.0
Transmutations | 1 |  1.0
Fire Magic     | 1 |  1.0
Ice Magic      | 1 |  1.0
Air Magic      | 1 |  1.0
Earth Magic    | 1 |  1.0
Poison Magic   | 1 |  1.0
Dodging        | |  4.7
Stealth        | |  4.3
Spellcasting   | |  7.2

Action                   |  1- 3 |  4- 6 || total
-------------------------+-------+-------++-------
Melee: Mace              |     5 |    23 ||    28
       Bite              |       |     1 ||     1
 Cast: Magic Dart        |    61 |    28 ||    89
 Stab: Sleeping          |     1 |       ||     1
  Eat: Chunk             |     1 |     1 ||     2
Armor: Robe              |       |    16 ||    16
Dodge: Dodged            |     8 |    23 ||    31

Table legend:
 A = Spawn XP
 B = Non-spawn XP
 C = Spawn XP percentage of total XP
 D = Spawn monster count
 E = Non-spawn monster count
 F = Spawn count percentage of total count
 G = Total turns spent on level
                    A         B        C        D         E        F      G
               +---------+---------+-------+---------+---------+-------+---------
         Total |       0 |     151 |   0.0 |       0 |      43 |   0.0 |  1759
               +---------+---------+-------+---------+---------+-------+---------
           D:1 |       0 |      35 |   0.0 |       0 |      19 |   0.0 |   776
           D:2 |       0 |      40 |   0.0 |       0 |      15 |   0.0 |   667
           D:3 |       0 |      76 |   0.0 |       0 |       9 |   0.0 |   316
               +---------+---------+-------+---------+---------+-------+---------

Vault maps used:
D:1:      minmay_arrival_checkered_box
D:2:      minmay_stone_trees_medium
